[ AOE2 MATCH · #476492369 ]
UnrankedTeutons vs Goths
[ REPLAY ANALYSIS · EXTRACTED FROM THE RECORDED GAME ]
Feudal
—
Castle
—
Imperial
—
| APM avg | 49.7 |
| APM peak | 73 |
| eAPM avg | 13.5 |
| Villagers / military | 23 / 0 |
Focus
⚔️ 31.4% · 🌾 68.6%
Feudal
—
Castle
—
Imperial
—
| APM avg | 54.1 |
| APM peak | 62 |
| eAPM avg | 33.4 |
| Villagers / military | 24 / 0 |
Focus
⚔️ 30.7% · 🌾 69.3%
Fishing Ship ×2
Feudal
—
Castle
—
Imperial
—
| APM avg | 21.4 |
| APM peak | 34 |
| eAPM avg | 13.4 |
| Villagers / military | 17 / 0 |
Focus
⚔️ 22.9% · 🌾 77.1%
Feudal
—
Castle
—
Imperial
—
| APM avg | 37.0 |
| APM peak | 71 |
| eAPM avg | 15.9 |
| Villagers / military | 17 / 0 |
Focus
⚔️ 38.3% · 🌾 61.7%
Match map
Initial resources + every placement click. Lines = walls · curves = elevation contours. ◆ gold · ⬟ stone · ● berries · ✦ relic · ◌ wall gap
Your base
Superhero55's base
qinoa's base
别打我's base
Smoothed initial terrain · ◌ = detected wall gap · hover for details
Inputs per minute
— narutoshery - - Superhero55
Build order — narutoshery
22 actions detected in the replay
| 0:01 | Create | Villager (Male) ×4 |
| 0:03 | Build | House |
| 0:04 | Build | House |
| 1:24 | Create | Villager (Male) |
| 1:24 | Create | Villager (Male) |
| 2:05 | Create | Villager (Male) |
| 2:05 | Create | Villager (Male) |
| 2:08 | Build | Lumber Camp |
| 2:19 | Create | Villager (Male) |
| 2:20 | Create | Villager (Male) |
| 2:50 | Create | Villager (Male) |
| 2:50 | Create | Villager (Male) |
| 3:06 | Create | Villager (Male) |
| 3:38 | Create | Villager (Male) |
| 3:52 | Build | House |
| 4:05 | Create | Villager (Male) ×2 |
| 4:06 | Create | Villager (Male) ×2 |
| 4:29 | Create | Villager (Male) ×2 |
| 4:50 | Create | Villager (Male) |
| 5:31 | Create | Villager (Male) ×2 |
| 5:34 | Build | Mill |
| 6:12 | Research | Loom |
Build order — Superhero55
33 actions detected in the replay
| 0:02 | Create | Villager (Male) |
| 0:02 | Create | Villager (Male) |
| 0:02 | Create | Villager (Male) |
| 0:02 | Create | Villager (Male) |
| 0:03 | Create | Villager (Male) |
| 0:04 | Build | House |
| 0:05 | Build | House |
| 1:11 | Create | Villager (Male) |
| 1:46 | Build | Lumber Camp |
| 1:52 | Create | Villager (Male) |
| 1:52 | Create | Villager (Male) |
| 2:10 | Create | Villager (Male) |
| 2:10 | Create | Villager (Male) |
| 2:51 | Create | Villager (Male) |
| 3:19 | Create | Villager (Male) |
| 3:19 | Create | Villager (Male) |
| 3:48 | Create | Villager (Male) |
| 3:48 | Create | Villager (Male) |
| 3:51 | Build | House |
| 4:23 | Create | Villager (Male) |
| 4:23 | Create | Villager (Male) |
| 4:36 | Build | Dock |
| 4:44 | Create | Villager (Male) |
| 5:01 | Create | Villager (Male) |
| 5:01 | Create | Villager (Male) |
| 5:04 | Build | House |
| 5:22 | Create | Villager (Male) |
| 5:22 | Create | Villager (Male) |
| 5:36 | Create | Fishing Ship |
| 5:36 | Create | Fishing Ship |
| 5:43 | Create | Villager (Male) |
| 5:43 | Create | Villager (Male) |
| 6:04 | Research | Loom |
Build order — qinoa
27 actions detected in the replay
| 0:01 | Create | Villager (Male) |
| 0:01 | Create | Villager (Male) |
| 0:01 | Create | Villager (Male) |
| 0:03 | Build | House |
| 0:21 | Build | House |
| 0:24 | Research | Loom |
| 0:25 | Create | Villager (Male) |
| 0:25 | Create | Villager (Male) |
| 0:25 | Create | Villager (Male) |
| 1:52 | Create | Villager (Male) |
| 1:53 | Create | Villager (Male) |
| 2:13 | Build | Palisade Wall |
| 2:31 | Create | Villager (Male) |
| 2:49 | Create | Villager (Male) |
| 3:21 | Create | Villager (Male) |
| 3:36 | Build | Palisade Wall |
| 3:38 | Create | Villager (Male) |
| 3:57 | Build | House |
| 4:06 | Create | Villager (Male) |
| 4:23 | Create | Villager (Male) |
| 4:36 | Build | House |
| 4:57 | Build | House |
| 4:59 | Create | Villager (Male) |
| 5:24 | Create | Villager (Male) |
| 5:49 | Build | Palisade Wall |
| 5:57 | Build | Palisade Wall |
| 6:01 | Create | Villager (Male) |
Build order — 别打我
21 actions detected in the replay
| 0:02 | Create | Villager (Male) |
| 0:02 | Create | Villager (Male) |
| 0:04 | Build | House |
| 0:05 | Build | House |
| 0:23 | Create | Villager (Male) |
| 0:25 | Create | Villager (Male) |
| 1:22 | Create | Villager (Male) |
| 1:47 | Build | Lumber Camp |
| 1:49 | Create | Villager (Male) |
| 1:49 | Create | Villager (Male) |
| 2:01 | Create | Villager (Male) |
| 2:02 | Create | Villager (Male) |
| 2:25 | Create | Villager (Male) |
| 2:44 | Create | Villager (Male) |
| 3:31 | Create | Villager (Male) |
| 3:31 | Create | Villager (Male) |
| 3:33 | Build | House |
| 4:09 | Create | Villager (Male) |
| 4:10 | Create | Villager (Male) |
| 4:10 | Create | Villager (Male) |
| 4:10 | Create | Villager (Male) |
Match timeline
| 2:13 | qinoa · wall_segment Palisade Wall x11 |
| 3:36 | qinoa · wall_segment Palisade Wall x7 |
| 4:36 | Superhero55 · first_building Dock |
| 5:13 | 别打我 · resign |
| 5:49 | qinoa · wall_segment Palisade Wall x1 |
| 5:57 | qinoa · wall_segment Palisade Wall x1 |
[ AI ANALYSIS · 1 CREDIT ]
What really happened in this match?
Wolo.gg analyzes every decision: build order, eco, micro, common mistakes by bracket. Personalized analysis on WhatsApp or Discord in 30 seconds.
Civ guide
Teutons
Perfil
Jugador #10368236